[ AOE2 MATCH · #467395908 ]
Team RMKhmer vs Tatars
[ REPLAY ANALYSIS · EXTRACTED FROM THE RECORDED GAME ]
Feudal
16:19
Castle
19:49
Imperial
31:44
| APM avg | 21.5 |
| APM peak | 56 |
| eAPM avg | 13.4 |
| Villagers / military | 136 / 55 |
Focus
⚔️ 24.2% · 🌾 75.8%
Ballista Elephant ×49 · Trade Cart ×16 · Scorpion ×3 · Trebuchet (Packed) ×2 · Monk ×1
Feudal
15:09
Castle
28:05
Imperial
—
| APM avg | 13.3 |
| APM peak | 36 |
| eAPM avg | 10.6 |
| Villagers / military | 115 / 17 |
Focus
⚔️ 25.4% · 🌾 74.6%
Militia ×13 · Trade Cart ×8 · Battering Ram ×4
Feudal
—
Castle
—
Imperial
—
| APM avg | 20.1 |
| APM peak | 39 |
| eAPM avg | 14.0 |
| Villagers / military | 94 / 48 |
Focus
⚔️ 23.8% · 🌾 76.2%
Hand Cannoneer ×15 · Scout Cavalry ×14 · Trade Cart ×14 · Militia ×5 · Hussite Wagon ×5 · Battering Ram ×3
Feudal
—
Castle
—
Imperial
—
| APM avg | 11.9 |
| APM peak | 34 |
| eAPM avg | 8.5 |
| Villagers / military | 72 / 64 |
Focus
⚔️ 13.8% · 🌾 86.2%
Spearman ×25 · Militia ×12 · Archer ×10 · Coustillier ×7 · Knight ×5 · Skirmisher ×5
Feudal
13:27
Castle
19:12
Imperial
41:16
| APM avg | 14.2 |
| APM peak | 42 |
| eAPM avg | 10.3 |
| Villagers / military | 92 / 165 |
Focus
⚔️ 27.2% · 🌾 72.8%
Tarkan ×162 · Trade Cart ×24 · Scout Cavalry ×2 · Monk ×1
Feudal
—
Castle
—
Imperial
—
| APM avg | 13.9 |
| APM peak | 32 |
| eAPM avg | 9.1 |
| Villagers / military | 110 / 212 |
Focus
⚔️ 35.2% · 🌾 64.8%
Spearman ×170 · Tarkan ×20 · Militia ×10 · Archer ×8 · Skirmisher ×4
Feudal
—
Castle
—
Imperial
—
| APM avg | 9.8 |
| APM peak | 58 |
| eAPM avg | 9.1 |
| Villagers / military | 88 / 145 |
Focus
⚔️ 44.3% · 🌾 55.7%
Militia ×145 · Trade Cart ×18
Feudal
11:13
Castle
17:58
Imperial
37:11
| APM avg | 11.6 |
| APM peak | 45 |
| eAPM avg | 11.0 |
| Villagers / military | 161 / 12 |
Focus
⚔️ 10.7% · 🌾 89.3%
War Elephant ×12
Match map
Resources at game start + every placement click. Thick line = wall · dashed box = detected house wall. 🟡 gold · ⚪ stone · 🟢 berries · 🔶 boar · ⭕ relic
Inputs per minute
— Patheris - - chipandcharge
Build order — Patheris
First 150 of 328 actions detected
| 0:06 | Create | Villager (Male) |
| 0:08 | Build | House |
| 0:16 | Create | Villager (Male) |
| 0:17 | Create | Villager (Male) |
| 0:22 | Build | House |
| 0:38 | Create | Villager (Male) |
| 0:39 | Create | Villager (Male) |
| 1:04 | Research | Loom |
| 1:07 | Create | Villager (Male) |
| 2:12 | Build | Palisade Wall |
| 2:40 | Build | Palisade Wall |
| 2:49 | Create | Villager (Male) |
| 3:12 | Create | Villager (Male) |
| 3:12 | Create | Villager (Male) |
| 3:51 | Build | Lumber Camp |
| 3:54 | Create | Villager (Male) |
| 4:42 | Create | Villager (Male) |
| 4:42 | Create | Villager (Male) |
| 5:00 | Create | Villager (Male) |
| 5:27 | Create | Villager (Male) |
| 5:27 | Create | Villager (Male) |
| 5:57 | Create | Villager (Male) |
| 5:57 | Create | Villager (Male) |
| 6:02 | Build | Mill |
| 6:42 | Create | Villager (Male) |
| 6:42 | Create | Villager (Male) |
| 6:53 | Build | House |
| 7:43 | Create | Villager (Male) |
| 7:43 | Create | Villager (Male) |
| 8:15 | Create | Villager (Male) |
| 8:15 | Create | Villager (Male) |
| 8:31 | Build | House |
| 9:11 | Build | Palisade Wall |
| 9:30 | Build | Mining Camp |
| 9:50 | Build | Farm |
| 9:52 | Build | Farm |
| 10:49 | Create | Villager (Male) |
| 10:49 | Create | Villager (Male) |
| 10:50 | Create | Villager (Male) |
| 10:50 | Create | Villager (Male) |
| 10:57 | Build | House |
| 11:34 | Build | Lumber Camp |
| 11:55 | Create | Villager (Male) |
| 11:56 | Create | Villager (Male) |
| 12:07 | Build | Farm |
| 12:27 | Build | Farm |
| 12:29 | Build | Farm |
| 12:34 | Build | Farm |
| 12:39 | Build | Farm |
| 12:43 | Create | Villager (Male) |
| 12:44 | Create | Villager (Male) |
| 12:55 | Build | Farm |
| 13:23 | Build | Farm |
| 13:27 | Research | Feudal Age |
| 13:31 | Build | House |
| 13:50 | Build | Farm |
| 13:55 | Build | Farm |
| 14:18 | Create | Villager (Male) |
| 14:18 | Create | Villager (Male) |
| 16:19 | Age | Feudal Age |
| 16:39 | Build | Market |
| 16:48 | Build | Blacksmith |
| 16:58 | Build | Mining Camp |
| 17:01 | Research | Castle Age |
| 17:18 | Research | Horse Collar |
| 17:21 | Research | Double-Bit Axe |
| 17:26 | Research | Gold Mining |
| 18:11 | Research | Stone Mining |
| 18:14 | Create | Villager (Male) |
| 18:14 | Create | Villager (Male) |
| 18:25 | Build | Farm |
| 18:30 | Build | Farm |
| 19:11 | Research | Wheelbarrow |
| 19:14 | Create | Villager (Male) |
| 19:15 | Create | Villager (Male) |
| 19:31 | Build | Farm |
| 19:38 | Build | Farm |
| 19:49 | Age | Castle Age |
| 19:53 | Create | Villager (Male) |
| 20:10 | Create | Villager (Male) |
| 20:29 | Build | House |
| 20:30 | Build | House |
| 20:31 | Build | House |
| 20:48 | Create | Villager (Male) |
| 21:03 | Build | Town Center |
| 21:12 | Create | Villager (Male) |
| 21:12 | Create | Villager (Male) |
| 21:39 | Create | Villager (Male) |
| 21:39 | Create | Villager (Male) |
| 22:18 | Create | Villager (Male) |
| 22:29 | Create | Villager (Male) |
| 22:29 | Create | Villager (Male) |
| 22:30 | Create | Villager (Male) |
| 22:30 | Create | Villager (Male) |
| 22:31 | Build | Farm |
| 22:46 | Build | Farm |
| 22:52 | Create | Villager (Male) |
| 22:52 | Create | Villager (Male) |
| 22:52 | Create | Villager (Male) |
| 22:53 | Create | Villager (Male) |
| 23:07 | Create | Villager (Male) |
| 23:07 | Create | Villager (Male) |
| 23:08 | Create | Villager (Male) |
| 23:31 | Research | Wheelbarrow |
| 23:34 | Create | Villager (Male) |
| 23:35 | Create | Villager (Male) |
| 23:35 | Create | Villager (Male) |
| 23:45 | Build | House |
| 23:48 | Build | House |
| 23:58 | Research | Bow Saw |
| 24:08 | Build | Farm |
| 24:32 | Create | Villager (Male) |
| 24:33 | Create | Villager (Male) |
| 24:40 | Create | Villager (Male) |
| 24:41 | Create | Villager (Male) |
| 24:47 | Build | Farm |
| 24:49 | Build | Farm |
| 24:58 | Build | Farm |
| 25:00 | Build | Farm |
| 25:02 | Build | Farm |
| 25:11 | Build | Mining Camp |
| 25:16 | Create | Villager (Male) |
| 25:16 | Create | Villager (Male) |
| 25:16 | Create | Villager (Male) |
| 25:19 | Research | Stone Shaft Mining |
| 25:33 | Research | Scale Barding Armor |
| 25:39 | Create | Villager (Male) |
| 25:39 | Create | Villager (Male) |
| 25:39 | Create | Villager (Male) |
| 25:40 | Create | Villager (Male) |
| 25:46 | Create | Villager (Male) |
| 25:46 | Create | Villager (Male) |
| 26:01 | Research | Gold Shaft Mining |
| 26:16 | Research | Heavy Plow |
| 26:28 | Build | Castle |
| 26:37 | Create | Villager (Male) |
| 26:37 | Create | Villager (Male) |
| 26:37 | Create | Villager (Male) |
| 26:41 | Create | Villager (Male) |
| 26:41 | Create | Villager (Male) |
| 26:50 | Build | Farm |
| 26:54 | Build | Farm |
| 26:57 | Build | Farm |
| 27:00 | Build | Farm |
| 27:08 | Create | Villager (Male) |
| 27:08 | Create | Villager (Male) |
| 27:35 | Build | Mining Camp |
| 27:46 | Build | Monastery |
| 27:51 | Build | Mining Camp |
| 28:01 | Create | Villager (Male) |
Build order — chipandcharge
First 150 of 255 actions detected
| 0:12 | Build | House |
| 0:14 | Build | House |
| 0:15 | Build | House |
| 0:18 | Create | Villager (Male) |
| 0:18 | Create | Villager (Male) |
| 0:18 | Create | Villager (Male) |
| 0:18 | Create | Villager (Male) |
| 0:19 | Create | Villager (Male) |
| 1:53 | Build | Palisade Wall |
| 2:10 | Build | Palisade Wall |
| 2:16 | Create | Villager (Male) |
| 2:17 | Create | Villager (Male) |
| 3:16 | Create | Villager (Male) |
| 3:18 | Create | Villager (Male) |
| 3:18 | Create | Villager (Male) |
| 3:56 | Create | Villager (Male) |
| 4:23 | Create | Villager (Male) |
| 4:23 | Create | Villager (Male) |
| 4:23 | Create | Villager (Male) |
| 4:53 | Create | Villager (Male) |
| 4:53 | Create | Villager (Male) |
| 5:25 | Build | Mill |
| 5:28 | Create | Villager (Male) |
| 5:28 | Create | Villager (Male) |
| 6:07 | Build | House |
| 6:16 | Create | Villager (Male) |
| 6:16 | Create | Villager (Male) |
| 6:16 | Create | Villager (Male) |
| 6:16 | Create | Villager (Male) |
| 6:40 | Build | Palisade Wall |
| 7:00 | Create | Villager (Male) |
| 7:00 | Create | Villager (Male) |
| 7:14 | Build | Palisade Wall |
| 7:43 | Create | Villager (Male) |
| 7:44 | Create | Villager (Male) |
| 8:00 | Build | House |
| 8:06 | Create | Villager (Male) |
| 8:34 | Build | Lumber Camp |
| 8:45 | Create | Villager (Male) |
| 8:46 | Create | Villager (Male) |
| 8:53 | Build | House |
| 9:08 | Create | Villager (Male) |
| 9:08 | Create | Villager (Male) |
| 9:38 | Create | Villager (Male) |
| 10:09 | Build | Palisade Gate |
| 10:15 | Create | Villager (Male) |
| 11:31 | Create | Villager (Male) |
| 11:38 | Build | House |
| 11:50 | Build | Farm |
| 11:51 | Build | Farm |
| 11:51 | Build | Farm |
| 12:07 | Create | Villager (Male) |
| 12:31 | Create | Villager (Male) |
| 12:44 | Build | Farm |
| 12:44 | Build | Farm |
| 12:44 | Build | Farm |
| 12:45 | Build | Farm |
| 12:57 | Build | Farm |
| 12:59 | Research | Feudal Age |
| 13:21 | Create | Villager (Male) |
| 14:59 | Create | Villager (Male) |
| 15:09 | Age | Feudal Age |
| 15:32 | Build | House |
| 15:50 | Build | Palisade Wall |
| 15:58 | Build | Barracks |
| 16:06 | Research | Horse Collar |
| 16:08 | Research | Double-Bit Axe |
| 16:21 | Build | Watch Tower |
| 16:43 | Build | Palisade Wall |
| 16:54 | Create | Villager (Male) |
| 16:55 | Create | Villager (Male) |
| 16:55 | Create | Villager (Male) |
| 17:02 | Build | Farm |
| 17:02 | Build | Farm |
| 17:02 | Build | Farm |
| 17:29 | Build | Farm |
| 17:31 | Build | Farm |
| 18:01 | Build | Palisade Wall |
| 18:06 | Create | Villager (Male) |
| 18:06 | Create | Villager (Male) |
| 18:07 | Create | Villager (Male) |
| 18:16 | Build | Farm |
| 18:22 | Build | Farm |
| 18:23 | Build | Farm |
| 18:25 | Create | Villager (Male) |
| 18:25 | Create | Villager (Male) |
| 18:35 | Build | Mill |
| 18:36 | Build | Farm |
| 18:36 | Build | Farm |
| 18:36 | Build | Farm |
| 18:37 | Build | Farm |
| 18:40 | Create | Villager (Male) |
| 18:44 | Build | Mining Camp |
| 18:56 | Build | Palisade Wall |
| 19:02 | Create | Villager (Male) |
| 19:03 | Create | Villager (Male) |
| 19:12 | Build | Palisade Wall |
| 19:25 | Create | Villager (Male) |
| 19:26 | Create | Villager (Male) |
| 19:26 | Create | Villager (Male) |
| 19:30 | Build | House |
| 19:32 | Build | House |
| 19:36 | Build | House |
| 19:58 | Build | House |
| 20:01 | Create | Villager (Male) |
| 20:01 | Create | Villager (Male) |
| 20:02 | Create | Villager (Male) |
| 20:11 | Build | Mill |
| 20:12 | Build | Farm |
| 20:12 | Build | Farm |
| 20:12 | Build | Farm |
| 20:16 | Create | Villager (Male) |
| 20:16 | Create | Villager (Male) |
| 20:16 | Create | Villager (Male) |
| 20:25 | Build | Watch Tower |
| 20:42 | Build | Barracks |
| 20:51 | Create | Villager (Male) |
| 20:52 | Create | Villager (Male) |
| 20:52 | Create | Villager (Male) |
| 20:52 | Create | Villager (Male) |
| 20:52 | Create | Villager (Male) |
| 20:53 | Create | Villager (Male) |
| 21:17 | Create | Villager (Male) |
| 21:18 | Create | Villager (Male) |
| 21:18 | Create | Villager (Male) |
| 21:18 | Create | Villager (Male) |
| 21:18 | Create | Villager (Male) |
| 21:18 | Create | Villager (Male) |
| 21:19 | Create | Villager (Male) |
| 21:19 | Create | Villager (Male) |
| 21:27 | Build | Mill |
| 21:28 | Build | Farm |
| 21:28 | Build | Farm |
| 21:28 | Build | Farm |
| 21:29 | Build | Farm |
| 21:35 | Create | Villager (Male) |
| 22:22 | Create | Villager (Male) |
| 22:24 | Create | Villager (Male) |
| 22:47 | Build | Blacksmith |
| 22:52 | Create | Villager (Male) |
| 23:20 | Create | Villager (Male) |
| 23:44 | Build | Market |
| 23:59 | Create | Villager (Male) |
| 23:59 | Create | Villager (Male) |
| 23:59 | Create | Villager (Male) |
| 24:00 | Create | Villager (Male) |
| 24:14 | Build | House |
| 24:33 | Build | House |
| 24:34 | Build | House |
| 24:35 | Build | House |
Build order — retroesam
First 150 of 272 actions detected
| 0:02 | Create | Villager (Male) |
| 0:02 | Create | Villager (Male) |
| 0:02 | Create | Villager (Male) |
| 0:02 | Create | Villager (Male) |
| 0:03 | Create | Villager (Male) |
| 0:04 | Build | House |
| 0:07 | Build | House |
| 1:23 | Create | Villager (Male) |
| 2:05 | Create | Villager (Male) |
| 2:37 | Create | Villager (Male) |
| 3:04 | Create | Villager (Male) |
| 4:22 | Create | Villager (Male) |
| 4:27 | Create | Villager (Male) |
| 4:27 | Create | Villager (Male) |
| 4:45 | Build | House |
| 4:47 | Create | Villager (Male) |
| 4:47 | Create | Villager (Male) |
| 4:53 | Research | Loom |
| 5:22 | Create | Villager (Male) |
| 6:22 | Build | Lumber Camp |
| 6:29 | Build | Palisade Gate |
| 6:31 | Build | House |
| 6:32 | Build | House |
| 6:34 | Create | Villager (Male) |
| 6:34 | Create | Villager (Male) |
| 6:41 | Create | Villager (Male) |
| 6:41 | Create | Villager (Male) |
| 6:59 | Build | House |
| 8:06 | Create | Villager (Male) |
| 8:06 | Create | Villager (Male) |
| 9:06 | Create | Villager (Male) |
| 9:07 | Create | Villager (Male) |
| 9:11 | Build | Mill |
| 9:29 | Build | House |
| 10:21 | Create | Villager (Male) |
| 10:21 | Create | Villager (Male) |
| 10:26 | Build | Mining Camp |
| 10:27 | Create | Villager (Male) |
| 11:02 | Create | Villager (Male) |
| 12:01 | Research | Feudal Age |
| 12:08 | Build | House |
| 12:10 | Build | House |
| 12:29 | Build | House |
| 12:35 | Build | House |
| 13:09 | Build | Barracks |
| 14:00 | Build | Farm |
| 14:06 | Create | Militia |
| 14:07 | Create | Militia |
| 14:31 | Create | Villager (Male) |
| 14:32 | Create | Villager (Male) |
| 14:40 | Create | Militia |
| 14:49 | Research | Double-Bit Axe |
| 14:51 | Create | Villager (Male) |
| 14:55 | Research | Horse Collar |
| 15:11 | Research | Man-at-Arms (upgrade) |
| 15:27 | Build | House |
| 15:43 | Create | Spearman |
| 15:59 | Create | Militia |
| 16:14 | Create | Militia |
| 16:52 | Build | Stable |
| 16:53 | Create | Villager (Male) |
| 16:53 | Create | Villager (Male) |
| 17:49 | Create | Villager (Male) |
| 18:01 | Build | Farm |
| 18:01 | Build | Farm |
| 18:01 | Build | Farm |
| 18:02 | Build | Farm |
| 18:02 | Build | Farm |
| 18:20 | Build | Farm |
| 18:20 | Build | Farm |
| 18:21 | Build | Farm |
| 18:21 | Build | Farm |
| 18:21 | Build | Farm |
| 18:38 | Build | Watch Tower |
| 18:58 | Build | Palisade Gate |
| 19:00 | Build | House |
| 19:07 | Build | Blacksmith |
| 19:19 | Create | Villager (Male) |
| 19:20 | Create | Villager (Male) |
| 19:25 | Build | Farm |
| 19:26 | Build | Farm |
| 19:27 | Build | Farm |
| 19:52 | Build | Mining Camp |
| 20:06 | Research | Forging |
| 20:06 | Research | Scale Mail Armor |
| 20:54 | Build | Stable |
| 21:00 | Build | House |
| 21:10 | Create | Villager (Male) |
| 21:13 | Build | Farm |
| 21:15 | Build | Farm |
| 21:17 | Create | Villager (Male) |
| 22:10 | Build | Market |
| 22:13 | Create | Villager (Male) |
| 22:59 | Research | Castle Age |
| 23:14 | Build | House |
| 23:21 | Build | House |
| 23:30 | Build | Palisade Wall |
| 23:35 | Build | Building 796 |
| 23:53 | Create | Scout Cavalry |
| 23:54 | Create | Scout Cavalry |
| 23:57 | Create | Scout Cavalry |
| 24:31 | Create | Scout Cavalry |
| 24:34 | Create | Scout Cavalry |
| 25:28 | Create | Villager (Male) |
| 25:28 | Create | Villager (Male) |
| 25:52 | Create | Villager (Male) |
| 26:21 | Build | Castle |
| 26:31 | Build | House |
| 26:35 | Build | House |
| 27:53 | Create | Villager (Male) |
| 27:53 | Create | Villager (Male) |
| 28:09 | Build | Town Center |
| 28:42 | Build | Siege Workshop |
| 29:00 | Create | Petard |
| 29:00 | Create | Petard |
| 29:02 | Create | Hussite Wagon |
| 29:03 | Create | Hussite Wagon |
| 29:03 | Create | Hussite Wagon |
| 29:06 | Create | Villager (Male) |
| 29:06 | Create | Villager (Male) |
| 29:09 | Build | Farm |
| 29:12 | Build | Farm |
| 29:13 | Create | Villager (Male) |
| 29:16 | Research | Fletching |
| 29:16 | Research | Padded Archer Armor |
| 30:00 | Create | Scout Cavalry |
| 30:00 | Create | Scout Cavalry |
| 30:00 | Create | Scout Cavalry |
| 30:01 | Create | Scout Cavalry |
| 30:01 | Create | Scout Cavalry |
| 30:18 | Create | Villager (Male) |
| 30:22 | Create | Villager (Male) |
| 30:22 | Create | Villager (Male) |
| 30:28 | Build | Monastery |
| 30:34 | Create | Villager (Male) |
| 30:34 | Create | Villager (Male) |
| 31:08 | Create | Battering Ram |
| 31:09 | Create | Battering Ram |
| 31:25 | Create | Villager (Male) |
| 31:29 | Create | Monk |
| 32:01 | Build | Town Center |
| 32:02 | Create | Villager (Male) |
| 32:03 | Create | Villager (Male) |
| 32:06 | Create | Villager (Male) |
| 32:06 | Create | Villager (Male) |
| 32:06 | Create | Villager (Male) |
| 32:07 | Create | Villager (Male) |
| 33:03 | Create | Villager (Male) |
| 33:05 | Create | Villager (Male) |
| 33:20 | Create | Monk |
Build order — Jeshu17hds
First 150 of 182 actions detected
| 0:19 | Build | House |
| 0:22 | Create | Villager (Male) |
| 0:23 | Create | Villager (Male) |
| 0:23 | Research | Loom |
| 0:52 | Research | Wheelbarrow |
| 2:11 | Create | Villager (Male) |
| 2:12 | Create | Villager (Male) |
| 3:01 | Create | Villager (Male) |
| 3:02 | Create | Villager (Male) |
| 3:40 | Create | Villager (Male) |
| 3:40 | Create | Villager (Male) |
| 4:20 | Create | Villager (Male) |
| 4:20 | Create | Villager (Male) |
| 4:44 | Build | Lumber Camp |
| 4:57 | Create | Villager (Male) |
| 4:57 | Create | Villager (Male) |
| 5:06 | Build | House |
| 5:22 | Create | Villager (Male) |
| 6:56 | Create | Villager (Male) |
| 6:57 | Create | Villager (Male) |
| 7:31 | Create | Villager (Male) |
| 7:32 | Create | Villager (Male) |
| 8:38 | Create | Villager (Male) |
| 8:38 | Create | Villager (Male) |
| 8:38 | Create | Villager (Male) |
| 9:01 | Build | House |
| 9:07 | Build | House |
| 10:23 | Create | Villager (Male) |
| 10:47 | Create | Villager (Male) |
| 11:06 | Build | Mill |
| 11:19 | Create | Villager (Male) |
| 11:50 | Create | Villager (Male) |
| 12:32 | Build | Barracks |
| 12:40 | Create | Villager (Male) |
| 14:27 | Build | Mill |
| 14:33 | Research | Feudal Age |
| 14:33 | Research | Feudal Age |
| 14:43 | Research | Double-Bit Axe |
| 14:43 | Research | Double-Bit Axe |
| 16:21 | Build | Lumber Camp |
| 16:43 | Research | Hand Cart |
| 17:02 | Build | Lumber Camp |
| 17:09 | Build | House |
| 17:10 | Build | House |
| 17:37 | Create | Villager (Male) |
| 17:37 | Create | Villager (Male) |
| 17:37 | Create | Villager (Male) |
| 17:38 | Create | Villager (Male) |
| 17:49 | Build | Farm |
| 17:50 | Build | Farm |
| 18:43 | Build | Farm |
| 18:46 | Create | Villager (Male) |
| 18:46 | Create | Villager (Male) |
| 18:57 | Build | Farm |
| 19:41 | Build | House |
| 20:14 | Build | Blacksmith |
| 20:23 | Build | Stable |
| 20:31 | Build | Mining Camp |
| 20:33 | Build | House |
| 20:38 | Create | Villager (Male) |
| 20:38 | Create | Villager (Male) |
| 20:38 | Create | Villager (Male) |
| 20:46 | Create | Militia |
| 20:46 | Create | Militia |
| 21:38 | Build | Mining Camp |
| 21:39 | Build | House |
| 21:50 | Build | Farm |
| 21:53 | Create | Villager (Male) |
| 21:53 | Create | Villager (Male) |
| 21:53 | Create | Villager (Male) |
| 21:58 | Build | Farm |
| 22:08 | Create | Spearman |
| 22:08 | Create | Spearman |
| 22:08 | Create | Spearman |
| 22:09 | Create | Spearman |
| 22:09 | Create | Spearman |
| 22:29 | Build | Archery Range |
| 22:29 | Build | House |
| 22:35 | Create | Villager (Male) |
| 22:35 | Create | Villager (Male) |
| 22:38 | Build | Farm |
| 23:42 | Build | Market |
| 23:46 | Build | House |
| 23:48 | Build | House |
| 23:54 | Create | Villager (Male) |
| 23:54 | Create | Villager (Male) |
| 23:54 | Create | Villager (Male) |
| 24:08 | Create | Villager (Male) |
| 24:08 | Create | Villager (Male) |
| 24:34 | Build | Lumber Camp |
| 24:44 | Create | Villager (Male) |
| 25:08 | Build | Farm |
| 25:11 | Build | Farm |
| 25:16 | Create | Villager (Male) |
| 25:16 | Create | Villager (Male) |
| 25:33 | Build | Farm |
| 25:35 | Build | Farm |
| 25:36 | Build | Farm |
| 25:39 | Build | Farm |
| 25:43 | Build | Blacksmith |
| 25:48 | Research | Scale Mail Armor |
| 25:52 | Build | Farm |
| 26:02 | Build | Farm |
| 26:22 | Build | Farm |
| 26:25 | Build | Farm |
| 26:48 | Build | Barracks |
| 27:23 | Create | Villager (Male) |
| 27:23 | Create | Villager (Male) |
| 27:37 | Build | Farm |
| 27:38 | Build | Farm |
| 27:40 | Build | Farm |
| 27:42 | Build | Farm |
| 27:53 | Build | Farm |
| 27:54 | Build | Farm |
| 27:55 | Build | Farm |
| 27:56 | Build | Farm |
| 28:22 | Research | Town Watch |
| 28:54 | Create | Villager (Male) |
| 28:54 | Create | Villager (Male) |
| 29:03 | Research | Bow Saw |
| 29:03 | Research | Bow Saw |
| 29:15 | Research | Horse Collar |
| 29:16 | Research | Horse Collar |
| 29:25 | Create | Archer ×5 |
| 29:25 | Create | Archer ×5 |
| 29:30 | Create | Militia ×5 |
| 29:31 | Create | Militia ×5 |
| 29:35 | Create | Spearman ×5 |
| 29:35 | Create | Spearman ×5 |
| 29:50 | Build | Farm |
| 29:53 | Create | Villager (Male) |
| 29:54 | Create | Villager (Male) |
| 29:54 | Create | Villager (Male) |
| 30:42 | Build | House |
| 30:43 | Build | House |
| 31:33 | Build | Mill |
| 31:48 | Research | Castle Age |
| 31:48 | Research | Castle Age |
| 32:01 | Build | House |
| 32:02 | Build | House |
| 32:06 | Build | Mining Camp |
| 32:38 | Research | Man-at-Arms (upgrade) |
| 32:42 | Research | Arson |
| 33:54 | Research | Padded Archer Armor |
| 33:57 | Research | Fletching |
| 34:14 | Build | Farm |
| 34:15 | Build | Farm |
| 35:44 | Build | Castle |
| 36:01 | Research | Heavy Plow |
| 36:14 | Research | Crossbowman (upgrade) |
Build order — gädda
First 150 of 290 actions detected
| 0:02 | Create | Villager (Male) |
| 0:02 | Create | Villager (Male) |
| 0:02 | Create | Villager (Male) |
| 0:03 | Create | Villager (Male) |
| 0:03 | Create | Villager (Male) |
| 1:29 | Create | Villager (Male) |
| 2:07 | Create | Villager (Male) |
| 2:21 | Create | Villager (Male) |
| 2:58 | Create | Villager (Male) |
| 3:09 | Create | Villager (Male) |
| 3:30 | Build | Mill |
| 3:39 | Create | Villager (Male) |
| 3:40 | Create | Villager (Male) |
| 3:53 | Create | Villager (Male) |
| 4:30 | Create | Villager (Male) |
| 5:07 | Create | Villager (Male) |
| 5:07 | Create | Villager (Male) |
| 5:11 | Create | Villager (Male) |
| 5:11 | Create | Villager (Male) |
| 5:32 | Create | Villager (Male) |
| 5:55 | Create | Villager (Male) |
| 6:03 | Create | Villager (Male) |
| 6:03 | Create | Villager (Male) |
| 6:54 | Create | Villager (Male) |
| 6:54 | Create | Villager (Male) |
| 6:55 | Create | Villager (Male) |
| 7:11 | Create | Villager (Male) |
| 7:11 | Create | Villager (Male) |
| 7:43 | Build | Lumber Camp |
| 8:33 | Build | Mining Camp |
| 8:53 | Create | Villager (Male) |
| 9:40 | Create | Villager (Male) |
| 9:41 | Create | Villager (Male) |
| 9:46 | Create | Villager (Male) |
| 10:02 | Build | Mill |
| 10:16 | Build | Mill |
| 10:29 | Build | Mining Camp |
| 11:17 | Research | Feudal Age |
| 13:27 | Age | Feudal Age |
| 13:31 | Research | Loom |
| 13:42 | Build | Market |
| 13:44 | Build | Market |
| 13:47 | Build | Blacksmith |
| 16:32 | Research | Castle Age |
| 18:01 | Build | Farm |
| 18:03 | Build | Farm |
| 18:07 | Build | Farm |
| 18:10 | Build | Farm |
| 18:25 | Build | Barracks |
| 19:12 | Age | Castle Age |
| 19:21 | Build | Town Center |
| 19:25 | Create | Villager (Male) |
| 19:26 | Create | Villager (Male) |
| 19:26 | Create | Villager (Male) |
| 19:26 | Create | Villager (Male) |
| 19:26 | Create | Villager (Male) |
| 19:42 | Build | Town Center |
| 19:53 | Build | Farm |
| 20:22 | Create | Trade Cart |
| 20:23 | Create | Trade Cart |
| 20:23 | Create | Trade Cart |
| 20:24 | Create | Trade Cart |
| 20:25 | Create | Trade Cart |
| 20:25 | Create | Trade Cart |
| 20:31 | Build | Farm |
| 20:41 | Build | Stable |
| 20:47 | Build | Farm |
| 20:59 | Create | Villager (Male) |
| 20:59 | Create | Villager (Male) |
| 20:59 | Create | Villager (Male) |
| 20:59 | Create | Villager (Male) |
| 21:06 | Create | Villager (Male) |
| 21:06 | Create | Villager (Male) |
| 21:07 | Create | Villager (Male) |
| 21:07 | Create | Villager (Male) |
| 21:11 | Create | Villager (Male) |
| 21:18 | Build | Farm |
| 21:33 | Build | Farm |
| 21:49 | Build | Stable |
| 21:57 | Create | Trade Cart |
| 21:57 | Create | Trade Cart |
| 22:03 | Create | Villager (Male) |
| 22:03 | Create | Villager (Male) |
| 22:43 | Build | Farm |
| 22:44 | Create | Villager (Male) |
| 23:01 | Build | Stable |
| 23:10 | Build | Castle |
| 23:22 | Build | Monastery |
| 23:26 | Build | University |
| 23:28 | Create | Villager (Male) |
| 23:29 | Create | Villager (Male) |
| 23:33 | Create | Villager (Male) |
| 23:34 | Create | Villager (Male) |
| 23:40 | Create | Villager (Male) |
| 23:44 | Build | Farm |
| 23:47 | Build | Farm |
| 24:12 | Create | Trade Cart |
| 24:13 | Create | Trade Cart |
| 24:48 | Create | Monk |
| 24:57 | Build | Farm |
| 24:59 | Build | Farm |
| 25:01 | Create | Villager (Male) |
| 25:01 | Create | Villager (Male) |
| 25:05 | Create | Villager (Male) |
| 25:06 | Create | Villager (Male) |
| 25:14 | Create | Villager (Male) |
| 25:15 | Create | Villager (Male) |
| 25:27 | Build | Farm |
| 25:32 | Create | Trade Cart |
| 25:33 | Create | Trade Cart |
| 25:35 | Create | Trade Cart |
| 25:35 | Create | Trade Cart |
| 25:42 | Research | Husbandry |
| 25:49 | Build | Farm |
| 25:51 | Create | Villager (Male) |
| 25:55 | Build | Farm |
| 26:40 | Build | Farm |
| 26:48 | Build | Farm |
| 26:49 | Create | Villager (Male) |
| 26:50 | Create | Villager (Male) |
| 26:52 | Create | Villager (Male) |
| 26:53 | Create | Villager (Male) |
| 26:58 | Build | Farm |
| 27:00 | Build | Farm |
| 27:03 | Create | Villager (Male) |
| 27:04 | Create | Villager (Male) |
| 27:09 | Create | Villager (Male) |
| 27:09 | Create | Villager (Male) |
| 27:13 | Build | Farm |
| 27:37 | Create | Villager (Male) |
| 27:44 | Create | Villager (Male) |
| 27:44 | Create | Villager (Male) |
| 27:46 | Build | Farm |
| 27:51 | Research | Horse Collar |
| 28:02 | Build | Farm |
| 28:06 | Build | Farm |
| 28:19 | Build | Stable |
| 28:22 | Build | Stable |
| 28:26 | Research | Marauders |
| 28:36 | Build | Farm |
| 28:40 | Build | Farm |
| 28:42 | Create | Villager (Male) |
| 28:43 | Create | Villager (Male) |
| 28:57 | Build | Farm |
| 29:04 | Create | Villager (Male) |
| 29:04 | Create | Villager (Male) |
| 29:07 | Create | Villager (Male) |
| 29:07 | Create | Villager (Male) |
| 29:07 | Create | Villager (Male) |
| 29:08 | Create | Villager (Male) |
Build order — Merginator44
First 150 of 254 actions detected
| 0:13 | Research | Loom |
| 0:14 | Create | Villager (Male) |
| 0:14 | Create | Villager (Male) |
| 0:15 | Create | Villager (Male) |
| 0:15 | Create | Villager (Male) |
| 0:15 | Create | Villager (Male) |
| 2:10 | Create | Villager (Male) |
| 2:10 | Create | Villager (Male) |
| 2:24 | Create | Villager (Male) |
| 2:24 | Create | Villager (Male) |
| 2:45 | Create | Villager (Male) |
| 2:45 | Create | Villager (Male) |
| 4:55 | Create | Villager (Male) |
| 4:55 | Create | Villager (Male) |
| 4:55 | Create | Villager (Male) |
| 4:55 | Create | Villager (Male) |
| 4:56 | Create | Villager (Male) |
| 4:56 | Create | Villager (Male) |
| 5:50 | Build | Lumber Camp |
| 5:52 | Create | Villager (Male) |
| 5:52 | Create | Villager (Male) |
| 5:52 | Create | Villager (Male) |
| 5:53 | Create | Villager (Male) |
| 7:08 | Create | Villager (Male) |
| 7:11 | Create | Villager (Male) |
| 7:11 | Create | Villager (Male) |
| 9:41 | Build | Mill |
| 10:18 | Create | Villager (Male) |
| 10:18 | Create | Villager (Male) |
| 10:19 | Create | Villager (Male) |
| 10:19 | Create | Villager (Male) |
| 10:19 | Create | Villager (Male) |
| 10:20 | Create | Villager (Male) |
| 10:20 | Create | Villager (Male) |
| 10:20 | Create | Villager (Male) |
| 10:20 | Create | Villager (Male) |
| 11:03 | Create | Villager (Male) |
| 11:03 | Create | Villager (Male) |
| 11:03 | Create | Villager (Male) |
| 11:51 | Build | Mining Camp |
| 11:54 | Create | Villager (Male) |
| 11:55 | Create | Villager (Male) |
| 11:55 | Create | Villager (Male) |
| 12:07 | Research | Feudal Age |
| 12:34 | Build | Barracks |
| 12:41 | Build | Mining Camp |
| 14:37 | Research | Horse Collar |
| 14:46 | Research | Wheelbarrow |
| 14:49 | Create | Villager (Male) |
| 14:50 | Create | Villager (Male) |
| 14:50 | Create | Villager (Male) |
| 14:50 | Create | Villager (Male) |
| 14:51 | Create | Villager (Male) |
| 15:05 | Build | Archery Range |
| 15:08 | Build | Stable |
| 16:05 | Build | Barracks |
| 16:33 | Create | Villager (Male) |
| 16:34 | Create | Villager (Male) |
| 16:34 | Create | Villager (Male) |
| 16:34 | Create | Villager (Male) |
| 16:35 | Create | Villager (Male) |
| 16:35 | Create | Villager (Male) |
| 16:35 | Create | Villager (Male) |
| 16:56 | Build | Farm |
| 17:24 | Build | Watch Tower |
| 18:12 | Build | Archery Range |
| 18:15 | Build | Farm |
| 18:16 | Build | Farm |
| 18:21 | Build | Farm |
| 18:24 | Create | Villager (Male) |
| 18:24 | Create | Villager (Male) |
| 18:39 | Build | Lumber Camp |
| 18:43 | Create | Archer |
| 18:43 | Create | Archer ×4 |
| 18:44 | Create | Archer ×3 |
| 18:50 | Build | Farm |
| 19:00 | Build | Farm |
| 19:31 | Build | Farm |
| 19:33 | Create | Villager (Male) |
| 19:33 | Create | Villager (Male) |
| 19:41 | Build | Farm |
| 19:53 | Build | Farm |
| 19:59 | Build | Farm |
| 20:01 | Create | Villager (Male) |
| 20:01 | Create | Villager (Male) |
| 20:01 | Create | Villager (Male) |
| 20:33 | Research | Man-at-Arms (upgrade) |
| 20:33 | Research | Man-at-Arms (upgrade) |
| 21:03 | Build | Farm |
| 21:07 | Build | Farm |
| 21:10 | Build | Farm |
| 21:12 | Create | Villager (Male) |
| 21:12 | Create | Villager (Male) |
| 21:13 | Create | Villager (Male) |
| 21:32 | Create | Skirmisher |
| 21:32 | Create | Skirmisher |
| 21:32 | Create | Skirmisher |
| 21:32 | Create | Skirmisher |
| 21:41 | Create | Militia |
| 21:41 | Create | Militia |
| 21:51 | Build | Farm |
| 21:58 | Build | Farm |
| 22:20 | Create | Militia |
| 22:21 | Create | Militia |
| 22:27 | Build | Farm |
| 22:30 | Create | Villager (Male) |
| 22:31 | Create | Villager (Male) |
| 22:31 | Create | Villager (Male) |
| 22:31 | Create | Villager (Male) |
| 22:32 | Create | Villager (Male) |
| 22:45 | Build | Farm |
| 22:46 | Build | Farm |
| 22:49 | Build | Farm |
| 22:51 | Create | Villager (Male) |
| 22:51 | Create | Villager (Male) |
| 22:52 | Create | Villager (Male) |
| 22:52 | Create | Villager (Male) |
| 22:56 | Build | Farm |
| 23:00 | Build | Farm |
| 23:11 | Build | Farm |
| 23:12 | Build | Farm |
| 23:16 | Build | Farm |
| 23:27 | Create | Militia |
| 23:27 | Create | Militia |
| 23:46 | Build | Farm |
| 23:50 | Create | Villager (Male) |
| 23:52 | Create | Villager (Male) |
| 24:02 | Build | Farm |
| 24:04 | Create | Villager (Male) |
| 24:04 | Create | Villager (Male) |
| 24:04 | Create | Villager (Male) |
| 24:04 | Create | Villager (Male) |
| 24:19 | Build | Market |
| 24:38 | Build | Farm |
| 24:45 | Create | Villager (Male) |
| 24:45 | Create | Villager (Male) |
| 24:45 | Create | Villager (Male) |
| 25:14 | Create | Militia |
| 25:14 | Create | Militia |
| 25:23 | Create | Villager (Male) |
| 25:30 | Build | Farm |
| 25:37 | Create | Villager (Male) |
| 25:47 | Create | Militia |
| 25:47 | Create | Militia |
| 25:58 | Create | Villager (Male) |
| 26:11 | Build | Mining Camp |
| 26:24 | Create | Villager (Male) |
| 27:50 | Research | Castle Age |
| 29:11 | Build | Barracks |
| 30:05 | Build | Barracks |
Build order — rompii88
First 150 of 355 actions detected
| 0:05 | Build | House |
| 0:06 | Build | House |
| 0:22 | Research | Loom |
| 0:23 | Create | Villager (Male) |
| 0:23 | Create | Villager (Male) |
| 0:24 | Create | Villager (Male) |
| 0:24 | Create | Villager (Male) |
| 0:24 | Create | Villager (Male) |
| 1:58 | Create | Villager (Male) |
| 1:58 | Create | Villager (Male) |
| 2:38 | Create | Villager (Male) |
| 2:38 | Create | Villager (Male) |
| 3:14 | Create | Villager (Male) |
| 3:14 | Create | Villager (Male) |
| 3:14 | Create | Villager (Male) |
| 4:18 | Build | Mill |
| 4:30 | Create | Villager (Male) |
| 4:30 | Create | Villager (Male) |
| 4:31 | Create | Villager (Male) |
| 4:31 | Create | Villager (Male) |
| 5:31 | Create | Villager (Male) |
| 5:31 | Create | Villager (Male) |
| 5:31 | Create | Villager (Male) |
| 5:55 | Build | House |
| 6:10 | Build | House |
| 6:33 | Build | Mill |
| 7:11 | Build | House |
| 7:54 | Create | Villager (Male) |
| 7:54 | Create | Villager (Male) |
| 7:54 | Create | Villager (Male) |
| 7:54 | Create | Villager (Male) |
| 7:54 | Create | Villager (Male) |
| 7:55 | Create | Villager (Male) |
| 7:55 | Create | Villager (Male) |
| 8:38 | Build | Lumber Camp |
| 9:10 | Create | Villager (Male) |
| 9:10 | Create | Villager (Male) |
| 9:10 | Create | Villager (Male) |
| 9:10 | Create | Villager (Male) |
| 9:11 | Create | Villager (Male) |
| 9:11 | Create | Villager (Male) |
| 10:06 | Create | Villager (Male) |
| 10:06 | Create | Villager (Male) |
| 10:06 | Create | Villager (Male) |
| 10:06 | Create | Villager (Male) |
| 11:18 | Create | Villager (Male) |
| 11:18 | Create | Villager (Male) |
| 11:19 | Create | Villager (Male) |
| 11:56 | Build | Mining Camp |
| 12:16 | Build | Mining Camp |
| 12:38 | Build | Mining Camp |
| 12:58 | Build | Farm |
| 13:01 | Build | Farm |
| 13:03 | Build | Farm |
| 13:06 | Build | Farm |
| 13:08 | Build | Farm |
| 13:13 | Build | Farm |
| 13:34 | Build | House |
| 13:36 | Build | House |
| 13:40 | Build | House |
| 13:42 | Build | House |
| 13:49 | Research | Feudal Age |
| 14:02 | Research | Feudal Age |
| 14:22 | Build | Farm |
| 14:25 | Build | Farm |
| 16:17 | Build | Farm |
| 16:28 | Build | Farm |
| 16:32 | Build | Farm |
| 16:47 | Research | Wheelbarrow |
| 16:48 | Create | Villager (Male) |
| 16:49 | Create | Villager (Male) |
| 16:49 | Create | Villager (Male) |
| 16:49 | Create | Villager (Male) |
| 16:49 | Create | Villager (Male) |
| 17:07 | Build | Blacksmith |
| 17:48 | Build | Market |
| 18:01 | Build | Market |
| 19:18 | Build | Farm |
| 19:25 | Build | Farm |
| 19:29 | Build | Farm |
| 19:32 | Build | Farm |
| 19:36 | Research | Castle Age |
| 20:25 | Build | Lumber Camp |
| 20:32 | Research | Horse Collar |
| 20:41 | Research | Double-Bit Axe |
| 20:50 | Research | Gold Mining |
| 20:52 | Research | Stone Mining |
| 21:44 | Create | Villager (Male) |
| 21:44 | Create | Villager (Male) |
| 21:45 | Create | Villager (Male) |
| 21:45 | Create | Villager (Male) |
| 21:45 | Create | Villager (Male) |
| 21:45 | Create | Villager (Male) |
| 21:46 | Create | Villager (Male) |
| 21:46 | Create | Villager (Male) |
| 21:46 | Create | Villager (Male) |
| 21:47 | Create | Villager (Male) |
| 21:47 | Create | Villager (Male) |
| 21:48 | Create | Villager (Male) |
| 21:48 | Create | Villager (Male) |
| 21:49 | Create | Villager (Male) |
| 21:49 | Create | Villager (Male) |
| 23:34 | Build | Town Center |
| 24:42 | Research | Hand Cart |
| 24:43 | Create | Villager (Male) |
| 24:44 | Create | Villager (Male) |
| 24:44 | Create | Villager (Male) |
| 24:44 | Create | Villager (Male) |
| 24:44 | Create | Villager (Male) |
| 24:45 | Create | Villager (Male) |
| 24:45 | Create | Villager (Male) |
| 24:45 | Create | Villager (Male) |
| 24:45 | Create | Villager (Male) |
| 24:46 | Create | Villager (Male) |
| 24:46 | Create | Villager (Male) |
| 24:46 | Create | Villager (Male) |
| 24:46 | Create | Villager (Male) |
| 24:47 | Create | Villager (Male) |
| 25:16 | Build | Farm |
| 25:34 | Research | Bow Saw |
| 26:13 | Build | House |
| 26:15 | Build | House |
| 26:17 | Build | House |
| 26:20 | Build | House |
| 26:23 | Build | House |
| 27:16 | Build | Barracks |
| 27:24 | Build | Barracks |
| 27:38 | Build | Barracks |
| 27:48 | Build | Barracks |
| 28:00 | Build | Barracks |
| 28:09 | Build | Barracks |
| 28:34 | Create | Villager (Male) |
| 28:34 | Create | Villager (Male) |
| 28:34 | Create | Villager (Male) |
| 28:34 | Create | Villager (Male) |
| 28:35 | Create | Villager (Male) |
| 28:35 | Create | Villager (Male) |
| 28:35 | Create | Villager (Male) |
| 28:35 | Create | Villager (Male) |
| 28:36 | Create | Villager (Male) |
| 28:36 | Create | Villager (Male) |
| 28:52 | Create | Villager (Male) |
| 28:53 | Create | Villager (Male) |
| 28:53 | Create | Villager (Male) |
| 28:53 | Create | Villager (Male) |
| 28:53 | Create | Villager (Male) |
| 29:14 | Research | Forging |
| 29:16 | Research | Scale Mail Armor |
| 29:48 | Build | House |
| 29:51 | Build | House |
Build order — kokokun
First 150 of 354 actions detected
| 0:02 | Research | Loom |
| 0:03 | Research | Loom |
| 0:08 | Create | Villager (Male) |
| 0:08 | Create | Villager (Male) |
| 0:09 | Create | Villager (Male) |
| 0:09 | Create | Villager (Male) |
| 0:09 | Create | Villager (Male) |
| 0:09 | Create | Villager (Male) |
| 0:16 | Build | House |
| 0:22 | Build | House |
| 2:05 | Create | Villager (Male) |
| 2:40 | Create | Villager (Male) |
| 2:41 | Create | Villager (Male) |
| 2:49 | Build | Mill |
| 3:17 | Create | Villager (Male) |
| 3:17 | Create | Villager (Male) |
| 3:17 | Create | Villager (Male) |
| 3:48 | Create | Villager (Male) |
| 3:48 | Create | Villager (Male) |
| 3:48 | Create | Villager (Male) |
| 4:39 | Build | House |
| 4:44 | Create | Villager (Male) |
| 4:45 | Create | Villager (Male) |
| 5:35 | Create | Villager (Male) |
| 5:35 | Create | Villager (Male) |
| 5:35 | Create | Villager (Male) |
| 6:23 | Create | Villager (Male) |
| 6:24 | Create | Villager (Male) |
| 6:34 | Build | House |
| 7:00 | Create | Villager (Male) |
| 7:00 | Create | Villager (Male) |
| 7:01 | Create | Villager (Male) |
| 7:40 | Create | Villager (Male) |
| 8:06 | Build | Lumber Camp |
| 8:24 | Create | Villager (Male) |
| 8:30 | Build | Farm |
| 8:39 | Build | Farm |
| 9:04 | Research | Feudal Age |
| 9:09 | Create | Villager (Male) |
| 9:09 | Create | Villager (Male) |
| 9:10 | Create | Villager (Male) |
| 9:29 | Create | Villager (Male) |
| 9:29 | Create | Villager (Male) |
| 9:38 | Build | Farm |
| 9:43 | Build | Farm |
| 9:48 | Build | Farm |
| 10:17 | Build | Palisade Wall |
| 10:27 | Create | Villager (Male) |
| 10:47 | Create | Villager (Male) |
| 11:05 | Build | Farm |
| 11:13 | Age | Feudal Age |
| 11:14 | Build | House |
| 11:28 | Build | Stone Wall |
| 11:39 | Build | Mining Camp |
| 11:47 | Create | Villager (Male) |
| 11:47 | Create | Villager (Male) |
| 12:19 | Create | Villager (Male) |
| 12:29 | Build | Blacksmith |
| 12:40 | Create | Villager (Male) |
| 12:49 | Build | House |
| 13:24 | Build | Market |
| 14:01 | Create | Villager (Male) |
| 14:07 | Build | Farm |
| 14:18 | Build | Farm |
| 14:24 | Build | Farm |
| 14:56 | Create | Villager (Male) |
| 15:32 | Research | Castle Age |
| 15:52 | Research | Gold Mining |
| 16:14 | Build | Farm |
| 16:15 | Build | Farm |
| 16:17 | Build | Farm |
| 16:29 | Build | House |
| 16:31 | Build | House |
| 16:33 | Build | House |
| 16:35 | Build | House |
| 16:52 | Create | Villager (Male) |
| 16:52 | Create | Villager (Male) |
| 16:53 | Create | Villager (Male) |
| 17:01 | Research | Double-Bit Axe |
| 17:05 | Research | Horse Collar |
| 17:19 | Create | Villager (Male) |
| 17:47 | Create | Villager (Male) |
| 17:53 | Research | Wheelbarrow |
| 17:58 | Age | Castle Age |
| 18:10 | Build | Town Center |
| 18:22 | Create | Villager (Male) |
| 18:35 | Build | House |
| 18:46 | Create | Villager (Male) |
| 19:12 | Build | Stone Wall |
| 19:22 | Create | Villager (Male) |
| 19:22 | Create | Villager (Male) |
| 19:23 | Create | Villager (Male) |
| 19:35 | Create | Villager (Male) |
| 19:38 | Create | Villager (Male) |
| 19:38 | Create | Villager (Male) |
| 19:38 | Create | Villager (Male) |
| 19:46 | Build | Farm |
| 19:46 | Build | Farm |
| 19:46 | Build | Farm |
| 19:47 | Build | Farm |
| 19:47 | Build | Farm |
| 19:47 | Build | Farm |
| 19:48 | Build | Farm |
| 19:48 | Build | Farm |
| 19:48 | Build | Farm |
| 19:48 | Build | Farm |
| 20:04 | Create | Villager (Male) |
| 20:09 | Create | Villager (Male) |
| 20:21 | Build | House |
| 20:24 | Build | House |
| 20:26 | Build | House |
| 20:27 | Build | House |
| 20:35 | Create | Villager (Male) |
| 20:44 | Build | Farm |
| 20:50 | Build | Farm |
| 21:06 | Create | Villager (Male) |
| 21:06 | Create | Villager (Male) |
| 21:09 | Create | Villager (Male) |
| 21:24 | Build | Building 665 |
| 21:29 | Create | Villager (Male) |
| 21:35 | Build | Farm |
| 21:36 | Build | Farm |
| 21:37 | Build | Farm |
| 21:39 | Build | Farm |
| 21:51 | Build | Farm |
| 22:01 | Create | Villager (Male) |
| 22:01 | Create | Villager (Male) |
| 22:04 | Create | Villager (Male) |
| 22:04 | Create | Villager (Male) |
| 22:04 | Create | Villager (Male) |
| 22:13 | Research | Bow Saw |
| 22:48 | Research | Stone Mining |
| 22:51 | Research | Gold Shaft Mining |
| 22:57 | Create | Villager (Male) |
| 22:57 | Create | Villager (Male) |
| 23:01 | Create | Villager (Male) |
| 23:01 | Create | Villager (Male) |
| 23:02 | Create | Villager (Male) |
| 23:22 | Build | Town Center |
| 23:34 | Create | Villager (Male) |
| 23:34 | Create | Villager (Male) |
| 23:38 | Create | Villager (Male) |
| 23:38 | Create | Villager (Male) |
| 23:56 | Build | Farm |
| 24:04 | Build | Farm |
| 24:10 | Build | Farm |
| 24:19 | Create | Villager (Male) |
| 24:26 | Build | Castle |
| 24:38 | Build | Farm |
| 24:55 | Create | Villager (Male) |
Match timeline
| 1:53 | chipandcharge · wall_segment Palisade Wall x6 |
| 2:10 | chipandcharge · wall_segment Palisade Wall x14 |
| 2:12 | Patheris · wall_segment Palisade Wall x6 |
| 2:40 | Patheris · wall_segment Palisade Wall x6 |
| 6:40 | chipandcharge · wall_segment Palisade Wall x8 |
| 7:14 | chipandcharge · wall_segment Palisade Wall x10 |
| 9:11 | Patheris · wall_segment Palisade Wall x1 |
| 10:17 | kokokun · wall_segment Palisade Wall x11 |
| 11:13 | kokokun · age_up feudal |
| 11:28 | kokokun · wall_segment Stone Wall x12 |
| 12:32 | Jeshu17hds · first_building Barracks |
| 12:34 | Merginator44 · first_building Barracks |
| 13:09 | retroesam · first_building Barracks |
| 13:27 | gädda · age_up feudal |
| 14:31 | kokokun · first_market_buy 100 food |
| 14:41 | kokokun · first_market_sell 100 wood |
| 15:05 | Merginator44 · first_building Archery Range |
| 15:08 | Merginator44 · first_building Stable |
| 15:09 | chipandcharge · age_up feudal |
| 15:50 | chipandcharge · wall_segment Palisade Wall x7 |
| 15:58 | chipandcharge · first_building Barracks |
| 16:19 | Patheris · age_up feudal |
| 16:43 | chipandcharge · wall_segment Palisade Wall x1 |
| 16:52 | retroesam · first_building Stable |
| 17:58 | kokokun · age_up castle |
| 18:01 | chipandcharge · wall_segment Palisade Wall x11 |
| 18:25 | gädda · first_building Barracks |
| 18:56 | chipandcharge · wall_segment Palisade Wall x14 |
| 19:12 | kokokun · wall_segment Stone Wall x12 |
| 19:12 | gädda · age_up castle |
| 19:12 | chipandcharge · wall_segment Palisade Wall x9 |
| 19:49 | Patheris · age_up castle |
| 20:23 | Jeshu17hds · first_building Stable |
| 20:41 | gädda · first_building Stable |
| 22:29 | Jeshu17hds · first_building Archery Range |
| 22:55 | retroesam · first_market_buy 100 food |
| 23:10 | gädda · first_building Castle |
| 23:22 | gädda · first_building Monastery |
| 23:30 | retroesam · wall_segment Palisade Wall x5 |
| 24:26 | kokokun · first_building Castle |
| 25:07 | kokokun · first_building Monastery |
| 25:22 | chipandcharge · first_market_sell 100 wood |
| 26:21 | retroesam · first_building Castle |
| 26:28 | Patheris · first_building Castle |
| 27:16 | rompii88 · first_building Barracks |
| 27:46 | Patheris · first_building Monastery |
| 28:01 | chipandcharge · wall_segment Palisade Wall x1 |
| 28:05 | chipandcharge · age_up castle |
| 28:14 | chipandcharge · first_building Siege Workshop |
| 28:36 | Merginator44 · tribute_sent a jugador 1 |
| 28:36 | Merginator44 · tribute_sent a jugador 2 |
| 28:36 | Merginator44 · tribute_sent a jugador 3 |
| 28:36 | Merginator44 · tribute_sent a jugador 4 |
| 28:36 | Merginator44 · tribute_sent a jugador 5 |
| 28:36 | Merginator44 · tribute_sent a jugador 7 |
| 28:36 | Merginator44 · tribute_sent a jugador 8 |
| 28:42 | retroesam · first_building Siege Workshop |
| 29:09 | kokokun · first_building Barracks |
| 30:16 | chipandcharge · tribute_sent a jugador 1 |
| 30:16 | chipandcharge · tribute_sent a jugador 3 |
| 30:16 | chipandcharge · tribute_sent a jugador 4 |
| 30:16 | chipandcharge · tribute_sent a jugador 5 |
| 30:16 | chipandcharge · tribute_sent a jugador 6 |
| 30:16 | chipandcharge · tribute_sent a jugador 7 |
| 30:16 | chipandcharge · tribute_sent a jugador 8 |
| 30:28 | retroesam · first_building Monastery |
| 31:44 | Patheris · age_up imperial |
| 32:23 | chipandcharge · wall_segment Palisade Wall x11 |
| 32:32 | chipandcharge · wall_segment Palisade Wall x15 |
| 33:24 | kokokun · wall_segment Stone Wall x14 |
| 33:49 | Patheris · first_building Siege Workshop |
| 33:50 | chipandcharge · first_building Archery Range |
| 33:57 | rompii88 · first_building Castle |
| 34:15 | kokokun · wall_segment Stone Wall x15 |
| 35:20 | kokokun · first_building Stable |
| 35:31 | Merginator44 · wall_segment Stone Wall x14 |
| 35:44 | Jeshu17hds · first_building Castle |
| 36:53 | kokokun · wall_segment Stone Wall x18 |
| 36:54 | Merginator44 · wall_segment Palisade Wall x5 |
| 37:11 | kokokun · age_up imperial |
| 37:21 | Jeshu17hds · first_market_sell 100 wood |
| 37:24 | Jeshu17hds · first_market_buy 100 stone |
| 37:25 | chipandcharge · wall_segment Palisade Wall x10 |
| 37:41 | retroesam · first_building Archery Range |
| 38:58 | chipandcharge · first_market_buy 100 stone |
| 40:03 | chipandcharge · wall_segment Palisade Wall x1 |
| 40:45 | kokokun · resign |
| 41:16 | gädda · age_up imperial |
| 45:04 | Merginator44 · first_building Castle |
[ AI ANALYSIS · 1 CREDIT ]
What really happened in this match?
Wolo.gg analyzes every decision: build order, eco, micro, common mistakes by bracket. Personalized analysis on WhatsApp or Discord in 30 seconds.
Civ guide
Khmer
Map guide
Black Forest
Perfil
Patheris